 Dungeon Crawl Stone Soup version 0.18-a0-1361-g9293dd1 (webtiles) character file.

824 Duffy the Magician (level 7, -9/50 HPs)
             Began as a Green Draconian Fire Elementalist on Feb 20, 2016.
             Killed by divine providence
             ... invoked by an orc priest
              (12 damage)
             ... on level 5 of the Dungeon.
             The game lasted 00:05:15 (3915 turns).

Duffy the Magician (DrFE)                           Turns: 3915, Time: 00:05:15

Health: -9/50      AC:  7    Str: 10    XL:     7   Next: 64%
Magic:  5/15       EV: 12    Int: 17    God:
Gold:   213        SH:  0    Dex: 12    Spells: 3 memorised, 9 levels left

rFire  + . .     SeeInvis .     d - +2 dagger (drain)
rCold  . . .     Gourm    .     (armour unavailable)
rNeg   . . .     Faith    .     (no shield)
rPois  +         Spirit   .     (helmet restricted)
rElec  .         Dismiss  .     i - +0 cloak
rCorr  .         Reflect  .     (no gloves)
SustAt +         Harm     .     (no boots)
MR     .....                    (no amulet)
Stlth  ++........               u - ring of protection from fire
                                r - ring of sustain attributes

@: very slightly contaminated, not resistant to hostile enchantments, unstealthy
A: breathe noxious fumes, unfitting armour, poison resistance, cold-blooded, AC
+6
a: Breathe Noxious Fumes


You were on level 5 of the Dungeon.
You were not hungry.

You visited 1 branch of the dungeon, and saw 5 of its levels.

You collected 213 gold pieces.


Innate Abilities, Weirdness & Mutations

You can breathe blasts of noxious fumes.
Your lurid green scales are hard (AC +6).
Your body does not fit into most forms of armour.
Your system is resistant to poisons.
You are cold-blooded and may be slowed by cold attacks.


   Skills:
 - Level 1.7 Dodging
 - Level 1.7 Stealth
 - Level 5.5 Spellcasting
 + Level 4.9 Conjurations
 + Level 5.1 Fire Magic


You had 9 spell levels left.
You knew the following spells:

 Your Spells              Type           Power        Failure   Level  Hunger
a - Flame Tongue          Conj/Fire      ###..        1%          1    None
j - Sticky Flame          Conj/Fire      ###.....     21%         4    ####...
l - Conjure Flame         Conj/Fire      ###.....     8%          3    ##.....

Inventory:

Hand Weapons
 d - a +2 dagger of draining (weapon)
Armour
 i - a +0 cloak (worn)
 t - a +0 buckler
Jewellery
 r - a ring of sustain attributes (left hand)
 u - a ring of protection from fire (right hand)
Wands
 j - a wand of digging (1/24)
Scrolls
 e - 3 scrolls of identify {unknown}
 l - a scroll of random uselessness {unknown}
 m - 2 scrolls of remove curse {unknown}
 n - a scroll of immolation {unknown}
 p - 4 scrolls of teleportation {unknown}
Potions
 c - 2 potions of cancellation {unknown}
 f - 3 potions of curing {unknown}
 h - a potion of cure mutation {unknown}
 k - a potion of beneficial mutation {unknown}
 o - a potion of flight {unknown}
 q - a potion of berserk rage {unknown}
Books
 a - a book of Flames
Comestibles
 b - 2 bread rations
 g - 3 meat rations
 s - 3 fruits
 v - 2 chunks of flesh

Dungeon Overview and Level Annotations

Branches:
Dungeon (5/15)
 Temple: D:4-7

Altars:
Pakellas
Trog


Message History

You barely miss the orc warrior.
You tail-slap the orc warrior, but do no damage.
The orc warrior is severely wounded.
The orc warrior hits you but does no damage.
You hit the orc warrior but do no damage.
The orc warrior is severely wounded.
The fire vortex barely misses you. The orc warrior closely misses you.
You hit the orc warrior but do no damage.
The orc warrior is severely wounded.
You hear the slow rusting of a distant drain.
The fire vortex barely misses you. The orc warrior hits you with a mace!
You barely miss the fire vortex.
You hit the orc warrior but do no damage.
You drain the orc warrior!
You tail-slap the orc warrior, but do no damage.
The orc warrior is severely wounded.
The orc warrior hits you with a mace!
Cast which spell? (? or * to list)
Aiming: Sticky Flame
Press: ? - help, Shift-Dir - straight line, f/p - orc warrior
Aim: an orc warrior, wielding a mace and wearing a plate armour (severely wounded, heavily drained)
The sticky flame hits the orc warrior.
The orc warrior appears unharmed.
The orc warrior is severely wounded.
The orc warrior is covered in liquid flames!
The orc warrior burns!
The orc warrior closely misses you.
The orc warrior burns!
You kill the orc warrior!
Your Fire Magic skill increases to level 5!
The fire vortex hits you. The fire vortex burns you! You resist.
The fire vortex dissipates!
Really walk into that cloud of flame?
Okay, then.
The orc priest mumbles some strange prayers to Beogh against you.
Beogh smites you!
You die...

#.# #.# #.####.# #......#
#.v....##### ###
#............#..
#######......#######.# ##
.............# #.######..
##########.....#######.#)......
..(...))o.o.o.@................
......################.........
..... #.....##### .... #.....#
... #.....# .. #.....# .
#.....# #.....# ####<#...#


You could see a fire vortex, an orc priest and 2 orcs.

Action                   |  1- 3 |  4- 6 |  7- 9 || total
-------------------------+-------+-------+-------++-------
Melee: Dagger            |    89 |    57 |    26 ||   172
 Cast: Flame Tongue      |    16 |    29 |     8 ||    53
       Sticky Flame      |       |     3 |     3 ||     6
       Conjure Flame     |       |     1 |       ||     1
 Stab: Sleeping          |     4 |     3 |       ||     7
  Eat: Chunk             |     3 |     6 |     2 ||    11

Notes
Turn   | Place    | Note
--------------------------------------------------------------
     0 | D:1      | Duffy the Draconian Fire Elementalist began the quest for the Orb.
     0 | D:1      | Reached XP level 1. HP: 14/14 MP: 3/3
   234 | D:1      | Reached XP level 2. HP: 15/20 MP: 1/5
   582 | D:1      | Reached skill level 2 in Conjurations
   690 | D:2      | Reached XP level 3. HP: 26/26 MP: 7/7
   846 | D:2      | Found an oddly glowing altar of Pakellas.
  1128 | D:2      | Reached skill level 3 in Spellcasting
  1647 | D:3      | Found a bloodstained altar of Trog.
  1669 | D:3      | Reached XP level 4. HP: 33/33 MP: 8/8
  1674 | D:3      | Learned a level 3 spell: Conjure Flame
  1679 | D:3      | Learned a level 4 spell: Sticky Flame
  1818 | D:3      | Noticed Sigmund
  1834 | D:3      | Killed Sigmund
  1834 | D:3      | Reached skill level 4 in Spellcasting
  1834 | D:3      | Reached skill level 4 in Conjurations
  1834 | D:3      | Reached XP level 5. HP: 14/38 MP: 0/11
  2345 | D:3      | Noticed Grinder
  2347 | D:3      | Paralysed by Grinder for 6 turns
  2351 | D:3      | Noticed Terence
  2413 | D:2      | Killed Terence
  2907 | D:3      | Paralysed by Grinder for 7 turns
  3022 | D:2      | Reached XP level 6. HP: 41/45 MP: 8/12
  3057 | D:3      | Killed Grinder
  3057 | D:3      | Reached skill level 5 in Spellcasting
  3653 | D:4      | Noticed an ice beast
  3679 | D:4      | Killed an ice beast
  3679 | D:4      | Reached skill level 4 in Fire Magic
  3679 | D:4      | Reached XP level 7. HP: 50/50 MP: 8/15
  3679 | D:4      | Gained mutation: Your system is resistant to poisons. [Green Draconian growth]
  3754 | D:5      | Entered Level 5 of the Dungeon
  3761 | D:5      | Noticed Eustachio
  3772 | D:5      | Killed Eustachio
  3910 | D:5      | Reached skill level 5 in Fire Magic
  3915 | D:5      | Killed from afar by an orc priest

Vault maps used:
D:1:      saegor_arrival_simple_e, fountainhead
D:2:      johnstein_pakellas_dig
D:3:      nicolae_overflow_crystal_walls, uniq_terence, uniq_sigmund,
          uniq_grinder
D:4:      first_bread
D:5:      kiku_gazebo_garden_becter, temple_pool_b, portal_sewer_entry_f,
          uniq_edmund, uniq_eustachio

Vanquished Creatures
  Grinder Sigmund Eustachio
  An orc warrior
  An ice beast Terence
  4 adders
  2 oozes
  5 worms
  4 giant geckos
  3 orcs
  A ball python
  3 giant cockroaches
  8 goblins
  5 hobgoblins
  7 jackals
  5 kobolds
  5 quokkas
  10 bats
  4 giant newts
  4 rats
  A fire vortex
77 creatures vanquished.
